Map: Coda EC

Players

jume - Winner!

  • Race: Zerg Zerg
  • League: Grandmaster

AgCl

  • Race: Protoss Protoss
  • League: Grandmaster

VOD

Have the link to the VOD?

Description

Time

  • Played on: July 2, 2015, 5:14 p.m.
  • Length: 5:25
Show
View Real Time Build Order
Export as new Build Order

jume Zerg - Winner!

Build Orders: Hatch First 

Get SALT Encoding   

  12  0:01  Drone  
  13  0:10  Drone  
  14  0:34  Hatchery  
  13  0:38  Drone  
  14  0:56  Spawning Pool  
  13  0:59  Drone  
  14  1:08  Overlord  
  14  1:14  Drone, Extractor  
  14  1:19  Drone, Extractor  
  15  1:26  Drone  
  15  1:32  Drone  
  17  1:43  Queen  
  17  1:46  Overlord  
  19  1:52  Drone  
  20  1:55  Drone  
  20  2:00  Drone  
  22  2:10  Zergling x4  
  24  2:22  Metabolic Boost  
  24  2:27  Zergling x6  
  26  2:46  Zergling x6  
  29  2:56  Drone  
  29  2:57  Drone x2  
  32  2:59  Queen  
  32  3:03  Overlord  
  32  3:04  Queen  
  35  3:27  Zergling x12  
  35  3:33  Overlord x2  
  41  3:47  Zergling x4  
  43  3:58  Zergling x4  
  45  4:15  Zergling x10  
  45  4:16  Zergling x8  
  46  4:34  Zergling x6  
  43  4:45  Zergling x2  
  43  4:46  Zergling x10  
  48  5:02  Zergling x6  
  47  5:11  Drone  
Show
View Real Time Build Order
Export as new Build Order

AgCl Protoss 

Build Orders: Oracle Opening 

Get SALT Encoding   

  12  0:15  Probe  
  12  0:16  Pylon  
  13  0:27  Probe  
  14  0:30  Assimilator  
  15  0:44  Gateway  
  15  0:45  Probe (Chrono Boost)  
  15  0:55  Probe (Chrono Boost)  
  16  1:02  Probe (Chrono Boost)  
  17  1:13  Probe (Chrono Boost)  
  18  1:18  Assimilator  
  18  1:19  Probe (Chrono Boost)  
  19  1:31  Probe  
  20  1:33  Zealot (Chrono Boost)  
  20  1:34  Cybernetics Core  
  22  1:48  Pylon  
  22  2:06  Probe (Chrono Boost)  
  23  2:13  Stargate  
  24  2:17  Probe (Chrono Boost)  
  24  2:22  Adept  
  26  2:23  Probe  
  27  2:32  Warp Gate  
  27  2:35  Mothership Core  
  27  2:54  Nexus  
  27  3:04  Oracle (Chrono Boost)  
  29  3:20  Probe (Chrono Boost)  
  29  3:31  Probe (Chrono Boost)  
  30  3:43  Assimilator  
  30  3:47  Fleet Beacon  
  30  3:53  Gateway  
  30  4:05  Probe  
  31  4:12  Probe  
  32  4:23  Probe  
  31  4:27  Oracle (Chrono Boost)  
  20  4:40  Probe (Chrono Boost)  
  22  4:46  Probe (Chrono Boost)  
  22  4:50  Probe (Chrono Boost)  
  24  4:54  Adept  
  24  4:55  Probe (Chrono Boost), Adept  
  24  4:57  Probe (Chrono Boost)  
  27  5:11  Pylon  
Tags
 
Add a new tag
Caveats
  • Supply blocks, unpowered buildings, or Contaminate may cause inaccurate times.
  • Supply counts are checked every 10 seconds.